 Dungeon Crawl Stone Soup version 0.30.0-5-g1a98f26d00 (webtiles) character file.

Game seed: 12470917891803115883

182 Leibowitz the Chopper (level 5, 0/45 HPs)
             Began as a Minotaur Gladiator on May 11, 2023.
             Killed by divine providence
             ... invoked by an orc priest
              (10 damage)
             ... on level 3 of the Dungeon.
             The game lasted 00:04:03 (2314 turns).

Leibowitz the Chopper (Minotaur Gladiator)          Turns: 2314, Time: 00:04:04

Health: 0/45       AC:  5    Str: 18 (20) XL:     5   Next: 35%
Magic:  4/4        EV: 12    Int:  3 (5)  God:
Gold:   245        SH:  0    Dex: 11 (12) Spells: 4/4 levels left

rFire   . . .        a - +0 war axe
rCold   . . .        (no shield)
rNeg    . . .        k - +0 ring mail
rPois   .            c - +0 hat
rElec   .            (no cloak)
rCorr   .            (no gloves)
SInv    .            (no boots)
Will    .....        (no amulet)
Stlth   +            n - ring of flight
HPRegen 0.27/turn    (no ring)
MPRegen 0.09/turn

%: no passive effects
@: flying
A: horns 2, retaliatory headbutt
a: no special abilities


You were on level 3 of the Dungeon.
You visited 1 branch of the dungeon, and saw 3 of its levels.

You collected 245 gold pieces.

Inventory:

Hand Weapons
 a - a +0 war axe (weapon)
Missiles
 d - 5 throwing nets (quivered)
 e - a javelin
 g - 5 silver javelins
Armour
 c - a +0 hat (worn)
 k - a +0 ring mail (worn)
Jewellery
 l - a ring of fire
 n - a ring of flight (left hand)
Scrolls
 f - 2 scrolls of amnesia {unknown}
 h - 3 scrolls of identify {unknown}
 i - 2 scrolls of poison {unknown}
 j - 3 scrolls of noise {unknown}
 m - 2 scrolls of teleportation {unknown}
 q - a scroll of immolation {unknown}
 u - a scroll of fear {unknown}
 v - a scroll of acquirement {unknown}
 w - a scroll of blinking {unknown}
Potions
 b - 2 potions of curing
 o - 2 potions of degeneration
 p - a potion of flight {unknown}
 r - 3 potions of haste {unknown}
 s - a potion of magic {unknown}
 t - 2 potions of mutation {unknown}


   Skills:
 * Level 3.2 Fighting
 * Level 5.7 Axes
 - Level 2.0 Throwing
 * Level 2.3 Armour
 * Level 4.2 Dodging


You had 4 spell levels left.
You didn't know any spells.
Your spell library was empty.

Dungeon Overview and Level Annotations

Branches:
Dungeon (3/15)

Altars:
Kikubaaqudgha
Uskayaw


Innate Abilities, Weirdness & Mutations

You have a pair of horns on your head.
You reflexively headbutt those who attack you in melee.


Message History

The adder is heavily wounded.
The adder misses you.
You barely miss the adder. Your headbutt misses the adder.
The adder is heavily wounded.
The adder bites you. The adder bites you but does no damage.
You slash the adder!
You kill the adder!
You see here an adder corpse.
You now have 245 gold pieces (gained 11).
There is a stone staircase leading up here. 2 orc priests and 2 orcs come into view.
The orc shouts!
The orc priest shouts! x2; The orc shouts!
You barely miss the orc priest.
The orc priest mumbles some strange prayers to Beogh against you.
Pain shoots through your body!
You barely miss the orc priest.
An orc priest comes into view. It is wielding a +0 club.
The orc priest calls down the wrath of Beogh upon you.
Beogh smites you!
The orc priest shouts!
You hit the orc priest. You headbutt the orc priest!
You kill the orc priest!
The orc priest mumbles some strange prayers to Beogh against you.
Beogh smites you!
* * * LOW HITPOINT WARNING * * *
You barely miss the orc priest. You headbutt the orc priest.
The orc priest is moderately wounded.
The orc priest hits you with a +0 club.
* * * LOW HITPOINT WARNING * * *
You closely miss the orc priest.
The orc priest is moderately wounded.
The orc priest misses you.
The orc priest looks braver for a moment.
It was a potion of curing.
You feel better.
It was a potion of degeneration.
There was something very wrong with that liquid.
You feel weakened.
You feel dopey.
You feel clumsy.
The orc priest mumbles some strange prayers to Beogh against you.
Beogh smites you!
You die...

....##.......# .......#.####.....
....##.......##............#.....
....##.....#### .........#.#.....
....######## #.###.####.#.....
....# # #.#.......... ....#
#.#########.#.##..##.#. #####
#.oo.o....#.#.##..##.#.
#o##.#....<.......
#@#..#...##..#.###
#.#..#.........# #
#.#............###
#..........†......
####.#..#.#.#.#### #.#......### #
#.#....#.# # #.######.# # ### #.#
#


You could see an orc priest and an orc.

Vanquished Creatures
  2 orc priests (D:3)
  5 adders
  A worm (D:2)
  4 orcs (D:3)
  7 endoplasms
  8 giant cockroaches
  11 goblins
  7 hobgoblins
  A quokka (D:2)
  5 ball pythons
  4 bats
  2 frilled lizards
  6 kobolds
  5 rats
68 creatures vanquished.

Notes
Turn   | Place    | Note
-------+----------+-------------------------------------------
     0 | D:1      | Leibowitz the Minotaur Gladiator began the quest for the
                  | Orb.
     0 | D:1      | Reached XP level 1. HP: 18/18 MP: 0/0
   199 | D:1      | Reached skill level 4 in Axes
   199 | D:1      | Reached XP level 2. HP: 22/25 MP: 1/1
  1000 | D:2      | Found a faded altar of an unknown god.
  1014 | D:2      | Reached XP level 3. HP: 27/30 MP: 2/2
  1105 | D:2      | Reached skill level 1 in Armour
  1497 | D:2      | Reached XP level 4. HP: 33/37 MP: 3/3
  1929 | D:3      | Reached skill level 5 in Axes
  2147 | D:3      | Found a hide-covered altar of Uskayaw.
  2149 | D:3      | Found an ancient bone altar of Kikubaaqudgha.
  2274 | D:3      | Reached XP level 5. HP: 45/45 MP: 4/4
  2314 | D:3      | Killed from afar by an orc priest

Illustrated notes

Levels and vault maps discovered:
D:1:      dpeg_arrival_prison, layout_loops_corners, serial_bayou,
          serial_bayou_lagoon_a, serial_bayou_shore_a, serial_bayou_pond_b,
          serial_bayou_lake_a, minmay_misc_feat_tiny, st_stairs_6
D:2:      kennysheep_the_goblin_king, layout_basic,
          hellmonk_ecumenical_altar_lost_god
D:3:      layout_basic, jmf_multi_god_temple

Skill      XL: |  1  2  3  4 |
---------------+-------------+-----
Axes           | 4 5 |  5.7
Armour         | 1 2 |  2.3
Dodging        | 4 |  4.2
Fighting       | 3 |  3.2
Throwing       | |  2.0

Action                     |  1- 3 |  4- 6 || total
---------------------------+-------+-------++-------
  Melee: War axe           |    86 |    42 ||   128
         Headbutt          |    11 |     8 ||    19
    Use: Potion            |       |     2 ||     2
 Armour: Ring mail         |    25 |    13 ||    38
         Leather armour    |     1 |       ||     1
  Dodge: Dodged            |    60 |    19 ||    79
